 Dungeon Crawl Stone Soup version 0.16.2-12-gd0ad4c3 (webtiles) character file.

60855 faibistes the Eclecticist (level 14, -2/84 HPs)
             Began as a Deep Elf Wizard on Mar 11, 2018.
             Was the Champion of Sif Muna.
             Slain by a sixfirhy (8 damage)
             ... summoned by an orc high priest
             ... on level 4 of the Orcish Mines on Mar 12, 2018.
             The game lasted 02:25:36 (41592 turns).

faibistes the Eclecticist (Deep Elf Wizard)        Turns: 41592, Time: 02:25:36

Health: -2/84      AC:  8    Str:  6    XL:     14   Next: 58%
Magic:  9/38       EV: 17    Int: 29    God:    Sif Muna [******]
Gold:   1188       SH:  0    Dex: 13    Spells: 13 memorised, 3 levels left

rFire  + . .     SeeInvis +     w - +5 dagger (venom)
rCold  . . .     Clarity  +     j - +0 robe
rNeg   . . .     SustAb   .     (no shield)
rPois  +         Gourm    .     G - +1 hat {SInv}
rElec  .         Spirit   .     x - +2 cloak
rCorr  .         Warding  .     y - +1 pair of gloves
rMut   .         Stasis   .     (no boots)
MR     +....                    o - amulet of clarity
Stlth  +++.......               H - ring of stealth
                                Y - ring "Zyphyips" {rPois rF+ Str+2 Slay+2}

@: about to teleport, somewhat resistant to hostile enchantments, fairly
stealthy
A: placid magic 1
a: Channel Energy, Forget Spell, Renounce Religion


You were on level 4 of the Orcish Mines.
You worshipped Sif Muna.
Sif Muna was exalted by your worship.
You were not hungry.

You visited 4 branches of the dungeon, and saw 23 of its levels.
You also visited: Sewer.

You collected 2338 gold pieces.
You spent 1150 gold pieces at shops.

Inventory:

Hand weapons
 l - the -1 quarterstaff of Hopt {flame, +Blink rElec rF- rN+ Dex+3}
   (You found it on level 6 of the Lair of Beasts)

   It has been specially enchanted to burn those struck by it, causing extra
   injury to most foes and up to half again as much damage against particularly
   susceptible opponents.
   It affects your dexterity (+3).
   It makes you vulnerable to fire.
   It insulates you from electricity.
   It protects you from negative energy.
   It lets you blink.
 w - a +5 dagger of venom (weapon)
 W - a +1 trident of venom
Armour
 j - a +0 robe (worn)
 x - a +2 cloak (worn)
 y - a +1 pair of gloves (worn)
 G - a +1 hat of see invisible (worn)
Jewellery
 o - an amulet of clarity (around neck)
 s - an uncursed ring of fire
 v - an uncursed ring of protection from fire
 H - a ring of stealth (right hand)
 Y - the ring "Zyphyips" (left hand) {rPois rF+ Str+2 Slay+2}
   (You bought it in a shop on level 9 of the Dungeon)

   [ring of poison resistance]

   It affects your strength (+2).
   It affects your accuracy and damage with ranged weapons and melee attacks
   (+2).
   It protects you from fire.
   It protects you from poison.
Magical devices
 c - a wand of teleportation (2)
 f - a wand of enslavement (10)
 k - a wand of fireball (4)
 n - a wand of disintegration (0)
 r - a wand of draining (7)
 t - a wand of fireball (6)
 z - a wand of slowing (30)
 A - a wand of lightning (0)
 E - a wand of confusion (32)
 F - a wand of disintegration (8)
 M - a wand of flame (0)
 O - a wand of fire (2)
Scrolls
 b - a scroll of teleportation
 h - 10 scrolls of remove curse
 m - 3 scrolls of magic mapping
 K - a scroll of recharging
 L - a scroll of identify
Potions
 a - a potion of magic
 e - 7 potions of brilliance
 i - 2 potions of restore abilities
 p - 7 potions of curing
 q - a potion of lignification
 u - 2 potions of agility
 I - a potion of ambrosia
 Q - 4 potions of might
 S - 2 potions of haste
 V - a potion of resistance
Books
 B - Sif Muna's Compendium of Flying Battle Magic
   (Sif Muna gifted it to you on level 4 of the Orcish Mines)

   Spells                             Type                      Level
   a - Flame Tongue                   Conjuration/Fire             1
   b - Mephitic Cloud                 Conjuration/Poison/Air       3
   c - Fulminant Prism                Conjuration/Hexes            4
   d - Lightning Bolt                 Conjuration/Air              5
   e - Poisonous Cloud                Conjuration/Poison/Air       6
Comestibles
 d - 10 bread rations
 g - 11 meat rations


   Skills:
 + Level 8.8 Fighting
 - Level 10.0 Dodging
 - Level 2.4 Stealth
 * Level 15.6 Spellcasting
 * Level 8.0 Conjurations
 - Level 7.0 Charms
 - Level 5.1 Summonings
 - Level 2.5 Necromancy
 * Level 6.3 Translocations
 * Level 8.3 Fire Magic
 - Level 4.0 Air Magic
 * Level 8.2 Earth Magic
 - Level 2.1 Poison Magic
 * Level 8.0 Invocations
 + Level 8.2 Evocations


You had 3 spell levels left.
You knew the following spells:

 Your Spells              Type           Power        Failure   Level  Hunger
a - Magic Dart            Conj           ####         0%          1    None
b - Conjure Flame         Conj/Fire      #####...     1%          3    None
c - Summon Forest         Summ/Tloc      #####.....   3%          5    None
d - Blink                 Tloc           N/A          1%          2    None
e - Mephitic Cloud        Conj/Pois/Air  ####....     1%          3    None
f - Repel Missiles        Chrm/Air       #####.       1%          2    None
g - Dazzling Spray        Conj/Hex       ####....     1%          3    None
h - Call Imp              Summ           #####...     1%          2    None
i - Leda's Liquefaction   Hex/Erth       ####......   1%          4    None
j - Animate Dead          Necr           N/A          4%          4    None
k - Iskenderun's Battles  Conj/Chrm      #####...     1%          5    None
x - Stone Arrow           Conj/Erth      #####.       1%          3    None
z - Iskenderun's Mystic   Conj           #####...     1%          4    None


Dungeon Overview and Level Annotations

Branches:
Dungeon (10/15)            Temple (1/1) D:5            Lair (8/8) D:8
  Swamp (0/5) Lair:4       Spider (0/5) Lair:6        Slime (0/6) Lair:7
    Orc (4/4) D:9             Elf (0/3) Orc:4

Altars:
Ashenzari
Cheibriados
Dithmenos
Elyvilon
Fedhas
Gozag
Kikubaaqudgha
Makhleb
Nemelex Xobeh
Okawaru
Qazlal
Ru
Sif Muna
Trog
Vehumet
Xom
Yredelemnul
Zin
The Shining One

Shops:
D:4 %*%   D:9 =   Orc:4 *%(*!%


Innate Abilities, Weirdness & Mutations

Your spells are a little easier to cast, but a little less powerful.


Message History

The sixfirhy barely misses you.
The orc high priest utters an invocation to Beogh.
The orc sorcerer gestures at you while chanting.
You easily resist.
The sixfirhy barely misses you. The sixfirhy hits you.
* * * LOW HITPOINT WARNING * * *
The sixfirhy shocks you!
* * * LOW HITPOINT WARNING * * *
Read which item? (? for menu, Esc to quit)
As you read the scroll of teleportation, it crumbles to dust.
You feel strangely unstable. Something hits your battlesphere!
Your battlesphere is destroyed!
The sixfirhy barely misses you. The sixfirhy closely misses you.
Things that are here:
a robe; a dagger The sixfirhy hits you.
* * * LOW HITPOINT WARNING * * *
The sixfirhy shocks you!
You die...

#.[)###...[[............ ##..##
#.................
##).######................
##[[###.###...)............
##[[###...###..#............
##[[###.#.#.####.....#.......
##[)###...#.[.###............)
##)[###..)###[[.###........(...
##[)###.[.##o##@[.###.......[...
##......).##4.3##4..###......∩.[<
#..)[#...##..#oo##...###......().
...#[[..##.o ##..##§#.###........
.#.....##.. ##.o.....###.......
...#..##.o ##.#.....###......
.#.....## #o......#####.....
...#....## #..##.#.###.#......
#....#...## #..##.).###.........


You could see a sixfirhy.

Vanquished Creatures
  An ettin (Orc:4)
  Harold (D:10)
  An ice dragon (Orc:1)
  4 hydras
  Erica (Lair:7)
  5 death yaks
  2 orc high priests
  A sun demon (Orc:4)
  2 lindwurms
  4 orc knights
  4 orc sorcerers (Orc:4)
  A sixfirhy (Orc:4)
  2 elephants
  13 spiny frogs
  5 black mambas
  8 komodo dragons
  A red devil (Orc:4)
  A fire drake (Lair:5)
  3 polar bears
  2 trolls (Orc:3)
  A two-headed ogre (D:9)
  27 blink frogs
  8 basilisks
  2 hungry ghosts (D:8)
  2 ynoxinuls (Orc:4)
  16 yaks
  7 wolves
  A neqoxec (Orc:4)
  11 hippogriffs
  A deep elf fighter (D:8)
  Edmund (Orc:2)
  11 vampire mosquitoes
  3 wargs
  A spiny frog zombie (Lair:8)
  18 water moccasins
  10 porcupines
  29 orc warriors
  4 ice beasts
  2 sky beasts
  5 ogres
  A black bear (D:7)
  2 phantoms
  14 crocodiles
  A blink frog zombie (Lair:8)
  A boring beetle (Lair:4)
  2 centaurs
  24 giant frogs
  The ghost of faibistes the Magician, an average DEWz (D:3)
  2 big kobolds
  Blork the orc (Orc:4)
  A gnoll sergeant (D:9)
  9 killer bees
  5 wights
  A scorpion (D:6)
  6 crimson imps
  An electric eel (Lair:8)
  A giant frog zombie (D:7)
  2 goliath beetles
  2 quasits
  9 jellies
  30 orc priests
  8 hounds
  A centaur skeleton (D:8)
  A giant frog skeleton (D:8)
  23 orc wizards
  8 iguanas
  10 worker ants
  8 sheep
  A killer bee zombie (D:7)
  Terence (D:3)
  A mummy (D:7)
  11 gnolls
  23 adders
  68 river rats
  A worker ant zombie (D:8)
  A giant mite (D:4)
  3 shadow imps
  4 worms
  4 adder zombies
  6 giant geckos
  2 oozes
  116 orcs
  6 ball pythons
  18 bats
  A bat skeleton (D:6)
  A bat zombie (D:6)
  4 giant cockroaches
  3 gnoll zombies
  23 goblins
  17 hobgoblins
  10 jackals
  9 quokkas
  A river rat zombie (Lair:8)
  4 giant newts
  A hobgoblin skeleton (Orc:4)
  24 kobolds
  25 rats
  A snaplasher vine (Lair:8)
787 creatures vanquished.

Vanquished Creatures (collateral kills)
  2 hydras (Lair:8)
  A death yak (Lair:5)
  A griffon (Lair:7)
  An orc knight (Orc:4)
  2 elephants (Lair:8)
  A black mamba (Lair:7)
  3 spiny frogs (Lair:8)
  A komodo dragon (Lair:8)
  A troll (Orc:2)
  8 blink frogs
  2 slime creatures (Lair:7)
  A hippogriff (Lair:8)
  18 yaks
  7 wolves (Lair:8)
  3 vampire mosquitoes (Lair:8)
  A water moccasin (Lair:8)
  5 orc warriors
  A crocodile (Lair:7)
  4 ogres (Orc:2)
  A boring beetle (Lair:8)
  9 giant frogs (Lair:8)
  2 hounds (Lair:7)
  An electric eel (Lair:8)
  4 orc priests
  2 iguanas (Lair:5)
  5 orc wizards
  6 sheep (Lair:5)
  A gnoll (D:10)
  An adder (Lair:7)
  26 river rats
  2 ufetubi (Orc:4)
  55 orcs
  2 hobgoblins
  A quokka (Lair:5)
  A giant gecko (D:5)
  4 goblins
  22 fungi
  9 plants
217 creatures vanquished.

Vanquished Creatures (others)
  2 dryads
  An elephant zombie (Lair:8)
  3 blink frog zombies (Lair:8)
  4 vampire mosquito zombies
  A giant frog zombie (Lair:8)
  A water moccasin zombie (Lair:8)
  A killer bee (D:8)
  A polar bear zombie (Orc:1)
  5 yak zombies
  A hippogriff zombie (Lair:8)
  A yak skeleton (Lair:7)
  4 wolf zombies (Lair:8)
  A giant frog skeleton (Lair:8)
  An ogre zombie (Orc:4)
  A hound zombie (D:7)
  A human zombie (Orc:2)
  4 river rat zombies
  A shadow imp (D:5)
  An electric eel zombie (Lair:8)
  A goblin zombie (Orc:2)
  A hobgoblin skeleton (Orc:2)
  5 orc skeletons
  53 orc zombies
  A butterfly (D:6)
  53 fungi
  13 plants
  A snaplasher vine (Lair:5)
  1466 snaplasher vine segments
1629 creatures vanquished.

Grand Total: 2633 creatures vanquished

Notes
Turn   | Place    | Note
--------------------------------------------------------------
     0 | D:1      | faibistes, the Deep Elf Wizard, began the quest for the Orb.
     0 | D:1      | Reached XP level 1. HP: 10/10 MP: 6/6
   209 | D:1      | Reached XP level 2. HP: 12/15 MP: 1/10
   285 | D:1      | Learned a level 2 spell: Blink
   288 | D:1      | Learned a level 2 spell: Call Imp
   463 | D:1      | Reached skill level 5 in Spellcasting
   787 | D:1      | Reached XP level 3. HP: 19/19 MP: 10/14
   827 | D:1      | Learned a level 3 spell: Conjure Flame
   831 | D:1      | Learned a level 3 spell: Mephitic Cloud
  1456 | D:2      | Reached XP level 4. HP: 24/24 MP: 7/17
  1463 | D:2      | Learned a level 2 spell: Repel Missiles
  2319 | D:3      | Reached XP level 5. HP: 28/28 MP: 12/20
  2638 | D:3      | Noticed Terence
  2671 | D:3      | Killed Terence
  2986 | D:3      | Noticed faibistes' ghost (average DEWz)
  3249 | D:3      | Killed faibistes' ghost
  3249 | D:3      | Reached skill level 6 in Spellcasting
  3581 | D:5      | Entered Level 5 of the Dungeon
  3587 | D:5      | Noticed an ice beast
  3735 | D:5      | Killed an ice beast
  3735 | D:5      | Reached XP level 6. HP: 20/32 MP: 5/22
  3838 | D:5      | Noticed a phantom
  3986 | D:4      | Killed a phantom
  3986 | D:4      | Reached skill level 1 in Fighting
  3986 | D:4      | Reached skill level 7 in Spellcasting
  4117 | D:5      | Found a glowing drain.
  4151 | D:5      | Reached XP level 7. HP: 33/38 MP: 16/25
  4199 | Sewer    | Entered a sewer
  5061 | D:5      | Found a staircase to the Ecumenical Temple.
  5067 | Temple   | Entered the Ecumenical Temple
  5188 | D:4      | Found Grym's General Store.
  5281 | D:4      | Found Dabuelon's Food Boutique.
  5411 | D:4      | Found Shraiq's Food Shoppe.
  5422 | D:4      | Reached skill level 5 in Dodging
  5681 | D:4      | Found a shadowy altar of Dithmenos.
  5704 | D:4      | Reached skill level 8 in Spellcasting
  6617 | D:5      | Reached XP level 8. HP: 44/46 MP: 8/27
  7018 | D:6      | Found an ancient bone altar of Kikubaaqudgha.
  7243 | D:6      | Identified Cigotuvi's Catalogue of Stolen Souls
  7263 | D:6      | Reached skill level 9 in Spellcasting
  7318 | D:6      | Got a steaming tin ring
  7352 | D:6      | Identified the ring of Fun {-Tele rF+ MR+ Str+4 SInv} (You found it on level 6 of the Dungeon)
  7587 | D:6      | You fall through a shaft!
  7794 | D:7      | Noticed an angel
  7795 | D:7      | Found a shimmering altar of Xom.
  8230 | D:6      | Reached skill level 10 in Spellcasting
  8549 | D:6      | Reached skill level 5 in Fighting
  8723 | D:7      | Reached XP level 9. HP: 37/54 MP: 10/30
  8886 | D:6      | Found a burning altar of Makhleb.
  8886 | D:6      | Noticed an Executioner
  8889 | D:6      | Noticed an orange demon
  8889 | D:6      | Noticed a hellwing
  9902 | D:6      | Found a basalt altar of Yredelemnul.
 10145 | D:7      | Found a glowing silver altar of Zin.
 10185 | D:7      | Found a snail-covered altar of Cheibriados.
 10408 | D:7      | Found a shattered altar of Ashenzari.
 10469 | D:7      | Reached skill level 11 in Spellcasting
 10585 | D:7      | Reached skill level 1 in Evocations
 11741 | D:8      | Found a shadowy altar of Dithmenos.
 12121 | D:8      | Found a stormy altar of Qazlal.
 12139 | D:8      | Found a staircase to the Lair.
 12151 | D:8      | Noticed a komodo dragon
 12362 | D:8      | Reached skill level 12 in Spellcasting
 12362 | D:8      | Reached XP level 10. HP: 61/61 MP: 20/32
 12639 | D:8      | Noticed a deep elf fighter
 12653 | D:8      | Killed a deep elf fighter
 12753 | D:8      | Found a burning altar of Makhleb.
 12753 | D:8      | Found a radiant altar of Vehumet.
 13330 | D:8      | Found an iron altar of Okawaru.
 13421 | D:8      | Killed a komodo dragon
 13549 | D:10     | Entered Level 10 of the Dungeon
 13571 | D:9      | Found an opulent altar of Gozag.
 13571 | D:9      | Found a sparkling altar of Nemelex Xobeh.
 13575 | D:9      | Found a staircase to the Orcish Mines.
 13844 | D:9      | Found Keacam's Jewellery Shop.
 14035 | D:9      | Found a deep blue altar of Sif Muna.
 14042 | D:9      | Became a worshipper of Sif Muna the Loreminder
 14294 | D:10     | Noticed Harold
 14610 | D:10     | Noticed a hill giant
 14620 | D:10     | Killed Harold
 14817 | D:9      | Reached skill level 13 in Spellcasting
 14817 | D:9      | Reached skill level 5 in Evocations
 15018 | Lair:1   | Entered Level 1 of the Lair of Beasts
 15844 | Lair:1   | Reached skill level 1 in Air Magic
 15956 | Lair:1   | Reached XP level 11. HP: 68/68 MP: 20/34
 15982 | Lair:1   | Acquired Sif Muna's first power
 16518 | Lair:2   | Reached skill level 1 in Fire Magic
 16623 | Lair:1   | Reached skill level 1 in Poison Magic
 16746 | Lair:1   | Learned a level 4 spell: Control Undead
 16975 | Lair:1   | Learned a level 3 spell: Stone Arrow
 16981 | Lair:1   | Learned a level 5 spell: Summon Forest
 16986 | Lair:1   | Learned a level 4 spell: Leda's Liquefaction
 17087 | Lair:1   | Reached skill level 1 in Necromancy
 17087 | Lair:1   | Reached skill level 1 in Earth Magic
 17404 | Lair:2   | Noticed a black mamba
 17411 | Lair:2   | Killed a black mamba
 17845 | Lair:2   | Acquired Sif Muna's second power
 18206 | D:9      | Bought the ring "Zyphyips" {rPois rF+ Str+2 Slay+2} for 605 gold pieces
 18879 | Lair:2   | Reached skill level 5 in Conjurations
 19206 | Lair:2   | Reached skill level 1 in Charms
 19701 | Lair:3   | Reached skill level 1 in Invocations
 19974 | Lair:3   | Noticed a seven-headed hydra
 19989 | Lair:3   | Killed a seven-headed hydra
 21376 | Lair:4   | Reached XP level 12. HP: 47/73 MP: 5/36
 21760 | Lair:4   | Reached skill level 14 in Spellcasting
 22107 | Lair:4   | Learned a level 4 spell: Iskenderun's Mystic Blast
 22113 | Lair:4   | Learned a level 5 spell: Iskenderun's Battlesphere
 22186 | Lair:2   | Learned a level 3 spell: Dazzling Spray
 22634 | Lair:4   | Acquired Sif Muna's third power
 22828 | Lair:4   | Found a staircase to the Swamp.
 23384 | Lair:4   | Reached skill level 5 in Summonings
 23385 | Lair:4   | Noticed a lindwurm
 23386 | Lair:4   | Killed a lindwurm
 23392 | Lair:4   | Reached skill level 5 in Fire Magic
 23637 | Lair:5   | Noticed a four-headed hydra
 23641 | Lair:5   | Killed a four-headed hydra
 23815 | Lair:6   | Found a hole to the Spider Nest.
 24256 | Lair:5   | Reached skill level 5 in Charms
 24443 | Lair:5   | Noticed a death yak
 24444 | Lair:5   | Noticed a death yak
 24450 | Lair:5   | Noticed a death yak
 24456 | Lair:5   | Noticed a death yak
 24457 | Lair:5   | Noticed a death yak
 24783 | Lair:5   | Noticed a four-headed hydra
 24791 | Lair:5   | Killed a four-headed hydra
 24791 | Lair:5   | Reached skill level 5 in Earth Magic
 25011 | Lair:5   | Killed a death yak
 25138 | Lair:5   | Noticed a death yak
 25168 | Lair:5   | Killed a death yak
 25168 | Lair:5   | Reached skill level 5 in Invocations
 25479 | Lair:5   | Killed a death yak
 25479 | Lair:5   | Reached XP level 13. HP: 71/78 MP: 10/37
 25480 | Lair:5   | Killed a death yak
 25490 | Lair:5   | Killed a death yak
 25507 | Lair:4   | Killed a death yak
 27369 | Lair:6   | Got a slimy quarterstaff
 27370 | Lair:6   | Identified the cursed -1 quarterstaff of Hopt {flame, +Blink rElec rF- rN+ Dex+3} (You found it on level 6 of the Lair of Beasts)
 28462 | Lair:7   | Reached skill level 10 in Dodging
 28540 | Lair:8   | Entered Level 8 of the Lair of Beasts
 28735 | Lair:7   | Learned a level 4 spell: Animate Dead
 28763 | Lair:7   | Noticed Erica
 28772 | Lair:7   | Killed Erica
 29599 | Lair:7   | Found a staircase to the Slime Pits.
 29717 | Lair:7   | Reached skill level 5 in Translocations
 30359 | Lair:8   | Reached skill level 15 in Spellcasting
 30387 | Lair:8   | Received a gift from Sif Muna
 31701 | Lair:8   | Reached XP level 14. HP: 84/84 MP: 27/38
 32507 | Orc:1    | Entered Level 1 of the Orcish Mines
 32961 | Orc:1    | Found a frozen archway.
 33614 | Orc:1    | HP: 1/84 [ice dragon/blast of cold (7)]
 34561 | Orc:4    | Entered Level 4 of the Orcish Mines
 34561 | Orc:4    | Found Claaz's Distillery.
 34926 | Orc:4    | Bought a potion of haste for 140 gold pieces
 35235 | Orc:1    | Noticed Edmund
 35394 | Orc:2    | Killed Edmund
 36029 | Orc:2    | Your ally Edmund died
 37222 | Orc:4    | Found a staircase to the Elven Halls.
 37239 | Orc:4    | Found Semmung's Assorted Antiques.
 37272 | Orc:4    | Found Graxkiaf's Food Shoppe.
 38864 | Orc:4    | Gained mutation: Your spells are a little easier to cast, but a little less powerful. [a neqoxec]
 38916 | Orc:4    | Found Jelarit's General Store.
 38917 | Orc:4    | Found Ushivi's Food Boutique.
 38975 | Orc:4    | Bought a potion of magic for 112 gold pieces
 39350 | Orc:4    | Found Moamn's Weapon Boutique.
 39377 | Orc:4    | Bought a scroll of teleportation for 99 gold pieces
 39377 | Orc:4    | Bought a scroll labeled SHRUSCH PHUI for 33 gold pieces
 39377 | Orc:4    | Bought a glowing black potion for 29 gold pieces
 39377 | Orc:4    | Bought a bronze wand for 132 gold pieces
 39453 | Orc:4    | Noticed Blork the orc
 39455 | Orc:4    | Killed Blork the orc
 41143 | Orc:4    | Received a gift from Sif Muna
 41144 | Orc:4    | Identified Sif Muna's Compendium of Flying Battle Magic (Sif Muna gifted it to you on level 4 of the Orcish Mines)
 41592 | Orc:4    | Slain by a sixfirhy

Action                   |  1- 3 |  4- 6 |  7- 9 | 10-12 | 13-15 || total
-------------------------+-------+-------+-------+-------+-------++-------
Melee: Unarmed           |     1 |       |       |       |       ||     1
       Dagger            |     6 |     4 |    84 |   159 |   212 ||   465
 Cast: Magic Dart        |    74 |   153 |   550 |   367 |   247 ||  1391
       Conjure Flame     |     3 |    10 |    53 |   105 |    36 ||   207
       Mephitic Cloud    |     2 |     5 |    31 |    53 |    19 ||   110
       Call Imp          |       |     5 |     1 |       |       ||     6
       Blink             |       |     5 |     8 |    27 |    19 ||    59
       Repel Missiles    |       |     1 |     1 |     2 |     1 ||     5
       Stone Arrow       |       |       |       |   145 |    60 ||   205
       Leda's Liquefacti |       |       |       |    10 |     2 ||    12
       Iskenderun's Myst |       |       |       |    79 |   228 ||   307
       Dazzling Spray    |       |       |       |     7 |    25 ||    32
       Iskenderun's Batt |       |       |       |     6 |    73 ||    79
       Summon Forest     |       |       |       |     3 |    25 ||    28
       Animate Dead      |       |       |       |       |    82 ||    82
Invok: Channel Energy    |       |       |       |    24 |    26 ||    50
Evoke: Wand              |       |       |       |    16 |    12 ||    28
  Use: Scroll            |       |     4 |    13 |    12 |    10 ||    39
       Potion            |       |       |     5 |     3 |     2 ||    10
 Stab: Sleeping          |     2 |     1 |       |       |       ||     3
       Confused          |       |       |     7 |    10 |     3 ||    20
       Distracted        |       |       |       |       |     2 ||     2
       Invisible         |       |       |       |       |     1 ||     1
  Eat: Chunk             |     1 |     7 |    18 |    36 |    32 ||    94
       Beef jerky        |       |     1 |     1 |     1 |       ||     3
       Pizza             |       |       |     1 |     4 |     6 ||    11
       Bread ration      |       |       |     1 |       |     2 ||     3
       Fruit             |       |       |       |       |     3 ||     3
